 Dungeon Sprint DCSS version 0.17-a0-1718-g72dbe4d (webtiles) character file.

381439 patman the Formicid Aeon (level 23, -2/219 HPs)
             Began as a Formicid Fighter on Aug 23, 2015.
             Was the Champion of Cheibriados.
             Killed by divine providence
             ... invoked by a daeva
              (10 damage)
             ... in the Dungeon (Sprint VII: "The Pits") on Aug 26, 2015.
             The game lasted 01:14:13 (13021 turns).

patman the Formicid Aeon (Formicid Fighter)        Turns: 13021, Time: 01:14:13

Health: -2/219     AC: 44    Str: 48    XL:     23   Next: 97%
Magic:  31/54      EV: 34    Int: 32    God:    Cheibriados [******]
Gold:   165        SH: 34    Dex: 20    Spells: 0 memorised, 76 levels left

rFire  . . .     SeeInvis +     a - +7 great mace (holy)
rCold  + . .     Clarity  .     N - +10 pearl dragon armour of the Desert {rC+ rN+}
rNeg   + + .     SustAt   .     c - +2 large shield
rPois  +         Gourm    .     (helmet unavailable)
rElec  .         Spirit   .     T - +2 cloak {rPois}
rCorr  .         Warding  .     s - +2 pair of gloves
rMut   .         Stasis   +     y - +2 pair of boots {Stlth+}
MR     ++...                    Q - amulet of Idealism {Faith rN+ Str+4 Dex-2}
Stlth  ++++......               h - ring of Maxkices {Str+7 Dex-3 Slay+5}
                                r - +5 ring of slaying

@: glowing, very slow, very resistant to hostile enchantments, stealthy
A: permanent stasis, dig shafts and tunnels, four strong arms, antennae 3,
blurry vision 1
a: Dig, Bend Time, Temporal Distortion, Slouch, Step From Time, Renounce
Religion
}: 2/15 runes: silver, iron


You were in the Dungeon.
You worshipped Cheibriados.
Cheibriados was exalted by your worship.
You were not hungry.

You visited 1 branch You collected 165 gold pieces.

Inventory:

Hand weapons
 a - a +7 great mace of holy wrath (weapon)
 b - a +2 dire flail of crushing
Armour
 c - a +2 large shield (worn)
 s - a +2 pair of gloves (worn)
 t - a +2 gold dragon armour
 y - a +2 pair of boots of stealth (worn)
 N - the +10 pearl dragon armour of the Desert (worn) {rC+ rN+}
   (You found it in the Dungeon)

   It protects you from cold.
   It protects you from negative energy.
 T - a +2 cloak of poison resistance (worn)
Rods
 R - a +2 lightning rod (11/11)
   (You found it in the Dungeon)
Jewellery
 h - the ring of Maxkices (right hand) {Str+7 Dex-3 Slay+5}
   (You found it in the Dungeon)

   [ring of slaying]

   It affects your strength (+7).
   It affects your dexterity (-3).
   It affects your accuracy and damage with ranged weapons and melee attacks
   (+5).
 j - the amulet "Kaqaaduwn" {rMut rC++}
   (You found it in the Dungeon)

   [amulet of resist mutation]

   It protects you from mutation.
   It greatly protects you from cold.
 k - the ring of Fun {rC+ AC+6}
   (You found it in the Dungeon)

   [ring of protection]

   It affects your AC (+6).
   It protects you from cold.
 q - the ring of the Present {rC+ MR+ EV+6 Str+3 Dex+3}
   (You found it in the Dungeon)

   [ring of evasion]

   It affects your evasion (+6).
   It affects your strength (+3).
   It affects your dexterity (+3).
   It protects you from cold.
   It affects your resistance to hostile enchantments.
 r - a +5 ring of slaying (left hand)
 u - the ring of Prescription {rElec rN+}
   (You found it in the Dungeon)

   [ring of positive energy]

   It insulates you from electricity.
   It protects you from negative energy.
 v - the ring "Koseleat" {+Fly rF++ Int+3 Stlth-}
   (You found it in the Dungeon)

   [ring of flight]

   It affects your intelligence (+3).
   It greatly protects you from fire.
   It lets you fly.
   It makes you less stealthy.
 A - the amulet "Piguqoy" {Gourm +Blink rF+ SInv}
   (You found it in the Dungeon)

   [amulet of the gourmand]

   It allows you to eat raw meat even when not hungry.
   It protects you from fire.
   It lets you see invisible.
   It lets you blink.
 C - the amulet of Sanem Mayb {rCorr +Inv Dex+4}
   (You found it in the Dungeon)

   [amulet of resist corrosion]

   It protects you from acid and corrosion.
   It affects your dexterity (+4).
   It lets you turn invisible.
 E - the ring of Equ Nym {rPois rN+++ MR- Dex-4 SInv}
   (You found it in the Dungeon)

   [ring of poison resistance]

   It affects your dexterity (-4).
   It protects you from poison.
   It renders you almost immune to negative energy.
   It affects your resistance to hostile enchantments.
   It lets you see invisible.
 I - an uncursed ring of fire
 Q - the amulet of Idealism (around neck) {Faith rN+ Str+4 Dex-2}
   (You found it in the Dungeon)

   [amulet of faith]

   It allows you to gain divine favour quickly.
   It affects your strength (+4).
   It affects your dexterity (-2).
   It protects you from negative energy.
 S - the amulet "Uzxuo" {Stasis Int+3}
   (You found it in the Dungeon)

   [amulet of stasis]

   It prevents you from being teleported, slowed, hasted or paralysed.
   It affects your intelligence (+3).
 V - the ring of Dishonour {rN++ MP+9 Dex+3}
   (You found it in the Dungeon)

   [ring of magical power]

   It affects your dexterity (+3).
   It greatly protects you from negative energy.
   It affects your magic capacity (+9).
 Z - the amulet "Tontauti" {Regen+ MP+9 Str+2 Dex-3 SInv}
   (You found it in the Dungeon)

   [amulet of regeneration]

   It affects your strength (+2).
   It affects your dexterity (-3).
   It affects your magic capacity (+9).
   It lets you see invisible.
   It increases your rate of regeneration.
Magical devices
 w - a wand of lightning (6)
 z - a wand of heal wounds (5)
 Y - a wand of draining (3)
Scrolls
 o - 10 scrolls of remove curse
 p - 5 scrolls of amnesia
 B - 3 scrolls of enchant armour
 F - 2 scrolls of fear
 G - a scroll of fog
 K - 2 scrolls of identify
 M - 3 scrolls of recharging
Potions
 d - 6 potions of might
 f - 8 potions of curing
 g - 12 potions of heal wounds
 i - a potion of magic
 n - a potion of invisibility
 x - a potion of resistance
 J - 3 potions of brilliance
 L - 4 potions of cure mutation
 P - 3 potions of agility
Books
 D - a book of Necromancy

   Spells                             Type                      Level
   a - Pain                           Necromancy                   1
   b - Animate Skeleton               Necromancy                   1
   c - Vampiric Draining              Necromancy                   3
   d - Regeneration                   Charms/Necromancy            3
   e - Animate Dead                   Necromancy                   4
   f - Control Undead                 Necromancy                   4
 U - a Necronomicon

   Spells                             Type                      Level
   a - Haunt                          Necromancy/Summoning         7
   b - Borgnjor's Revivification      Necromancy                   8
   c - Death's Door                   Charms/Necromancy            8
   d - Necromutation                  Transmutation/Necromancy     8
 W - a book of Dreams

   Spells                             Type                      Level
   a - Ensorcelled Hibernation        Hexes/Ice                    2
   b - Phase Shift                    Translocation                5
   c - Shadow Creatures               Summoning                    5
   d - Silence                        Hexes/Air                    5
   e - Darkness                       Hexes                        6
   f - Mass Confusion                 Hexes                        6
Miscellaneous
 H - a fan of gales
Comestibles
 e - 15 bread rations
 l - 40 fruits
 m - 3 meat rations


   Skills:
 O Level 27 Fighting
 O Level 27 Maces & Flails
 * Level 26.1 Throwing
 O Level 27 Armour
 O Level 27 Dodging
 O Level 27 Stealth
 O Level 27 Shields
 O Level 27 Spellcasting
 O Level 27 Invocations
 O Level 27 Evocations


You had 76 spell levels left.
You didn't know any spells.

Dungeon Overview and Level Annotations

Branches:
Dungeon (1/1)

Altars:
Ashenzari
Cheibriados
Dithmenos
Elyvilon
Fedhas
Gozag
Kikubaaqudgha
Makhleb
Nemelex Xobeh
Okawaru
Qazlal
Ru
Sif Muna
Trog
Vehumet
Xom
Yredelemnul
Zin
The Shining One
Beogh
Jiyva
Lugonu


Innate Abilities, Weirdness & Mutations

You are under a permanent stasis effect.
You can dig through walls and to a lower floor.
Your four strong arms can wield two-handed weapons with a shield.
You have a pair of large antennae on your head (SInv).
Scrolls take you a little longer to read.


Message History

Drink which item? (? for menu, Esc to quit)
You feel much better.
The daeva calls down the wrath of the Shining One upon you.
Something smites you!
* * * LOW HITPOINT WARNING * * *
The daeva calls down the wrath of the Shining One upon you.
Something smites you!
* * * LOW HITPOINT WARNING * * *
The daeva calls down the wrath of the Shining One upon you.
Something smites you!
* * * LOW HITPOINT WARNING * * *
The daeva calls down the wrath of the Shining One upon you.
Something smites you!
* * * LOW HITPOINT WARNING * * *
The daeva hits you with a long sword of holy wrath!
* * * LOW HITPOINT WARNING * * *
You block the daeva's attack.
The daeva calls down the wrath of the Shining One upon you.
Something smites you!
You die... ####### ########## ......## #.))(.})|{{{{{{{{{{{ .......## [)(AAA){{{{{{{{{{{{ ........## AAAAA{{{{{{{{{{{{{ .........# {AAAA{{{{{{{{{{{{{{

.........#######A################
.........##....)@A...............
.........##......................
...).....########################
.........# #####################
.........###.##'.'...===.=...""##
.........##'##.###"=.=".===.=."##
.........###.##'#################
........###...'.#.#.'.'.#.##'.# #
.......## ##.####'#'#'#'#'#.### #


You could see 10 daevas, an angel (roused) and 2 cherubim.

Vanquished Creatures
  Asmodeus (D)
  Dissolution (D)
  Gloorx Vloq (D)
  Mnoleg (D)
  Khufu (D)
  4 orbs of fire (D)
  3 ancient liches (D)
  Mara (D)
  6 pandemonium lords (D)
  4 greater mummies (D)
  Boris (D)
  Frederick (D)
  the Lernaean hydra (D)
  Margery (D)
  Norris (D)
  4 Killer Klowns (D)
  3 golden dragons (D)
  Nikola (D)
  Xtahua (D)
  4 pearl dragons (D)
  4 electric golems (D)
  3 Brimstone Fiends (D)
  A hellephant (D)
  6 Hell Sentinels (D)
  A tentacled monstrosity (D)
  A lich (D)
  A deep elf blademaster (D)
  2 Shadow Fiends (D)
  3 Ice Fiends (D)
  7 titans (D)
  4 deep elf master archers (D)
  26 Orb Guardians (D)
  An acid blob (D)
  An Executioner (D)
  A sphinx (D)
  2 quicksilver dragons (D)
  A death cob (D)
  A storm dragon (D)
  2 shadow dragons (D)
  4 fire giants (D)
  2 draconian monks (D)
  2 daevas (D)
  2 deep elf sorcerers (D)
  3 ghost moths (D)
  A frost giant (D)
  A balrug (D)
  An iron dragon (D)
  A draconian scorcher (D)
  4 orc warlords (D)
  Louise (D)
  A draconian zealot (D)
  2 spriggan defenders (D)
  11 angels (D)
  5 reapers (D)
  A war gargoyle (D)
  5 stone giants (D)
  3 apis (D)
  Nessos (D)
  2 ophanim (D)
  A deep elf demonologist (D)
  A yellow draconian (D)
  3 deep elf annihilators (D)
  2 dire elephants (D)
  2 mottled draconians (D)
  3 lorocyprocas (D)
  2 purple draconians (D)
  A black draconian (D)
  5 red draconians (D)
  A minotaur (D)
  4 deep elf death magi (D)
  An eidolon (D)
  A death ooze (D)
  A mummy priest (D)
  3 ettins (D)
  A great orb of eyes (D)
  8 blizzard demons (D)
  2 deep elf high priests (D)
  2 fire dragons (D)
  2 green deaths (D)
  4 yaktaur captains (D)
  An ice dragon (D)
  3 naga warriors (D)
  3 hell beasts (D)
  6 ogre magi (D)
  A small abomination (D)
  A spriggan air mage (D)
  A merfolk avatar (D)
  2 iron elementals (D)
  An alligator snapping turtle (D)
  A centaur warrior (D)
  A deep troll earth mage (D)
  3 death knights (D)
  A deep troll shaman (D)
  A soul eater (D)
  A vampire mage (D)
  An anaconda (D)
  3 spriggan berserkers (D)
  A sun demon (D)
  Urug (D)
  A deep elf knight (D)
  A spriggan (D)
  4 hell knights (D)
  A fire crab (D)
  An orc high priest (D)
  2 hell hogs (D)
  2 iron trolls (D)
  2 spriggan druids (D)
  An ice devil (D)
  5 cherubim (D)
  A lindwurm (D)
  A deep elf summoner (D)
  21 deep trolls (D)
  4 harpies (D)
  Pikel (D)
  An unseen horror (D)
  A phantasmal warrior (D)
  10 orc knights (D)
  7 necromancers (D)
  2 wizards (D)
  5 hill giants (D)
  An orc sorcerer (D)
  2 ugly things (D)
  4 cyclopes (D)
  2 hornets (D)
  A guardian serpent (D)
  2 rust devils (D)
  3 eyes of devastation (D)
  A torpor snail (shapeshifter) (D)
  A black mamba (D)
  A spiny frog (D)
  3 molten gargoyles (D)
  5 naga magi (D)
  6 yaktaurs (D)
  A fire drake (D)
  2 hellions (D)
  7 trolls (D)
  2 jumping spiders (D)
  A freezing wraith (D)
  2 guardian mummies (D)
  3 polar bears (D)
  2 giant leeches (D)
  8 two-headed ogres (D)
  A blue devil (D)
  A snapping turtle (D)
  3 blink frogs (D)
  A wandering mushroom (D)
  A bog body (D)
  A boulder beetle (D)
  3 slime creatures (D)
  2 air elementals (D)
  2 vampires (D)
  A ynoxinul (D)
  8 redbacks (D)
  A hungry ghost (D)
  A water elemental (D)
  A chaos spawn (D)
  A fire elemental (D)
  9 yaks (D)
  A neqoxec (D)
  2 golden eyes (D)
  A hippogriff (D)
  2 vampire mosquitoes (D)
  2 steam dragons (D)
  A deep elf fighter (D)
  2 water moccasins (D)
  3 wolves (D)
  2 wargs (D)
  A mottled dragon (D)
  3 nagas (D)
  Duvessa (D)
  4 hell hounds (D)
  8 orc warriors (D)
  A porcupine (D)
  A swamp drake (D)
  4 slaves (D)
  A wasp (D)
  A large abomination (D)
  3 eyes of draining (D)
  4 ogres (D)
  A crocodile (D)
  2 centaurs (D)
  2 gnoll sergeants (D)
  A brain worm (D)
  A big kobold (D)
  Dowan (D)
  A giant frog (D)
  A scorpion (D)
  8 killer bees (D)
  A hound (D)
  A gnoll shaman (D)
  4 orc priests (D)
  A quasit (D)
  4 orc wizards (D)
  A worker ant (D)
  A mummy (D)
  A river rat (D)
  8 gnolls (D)
  An adder (D)
  2 ufetubi (D)
  An adder skeleton (D)
  2 adder zombies (D)
  2 adder simulacra (D)
  A giant gecko (D)
  12 orcs (D)
  2 bat skeletons (D)
  A giant cockroach (D)
  6 jackals (D)
  A ball python zombie (D)
  A giant cockroach zombie (D)
  A giant newt (D)
  A jackal skeleton (D)
  A quokka (D)
  A rat (D)
540 creatures vanquished.

Vanquished Creatures (others)
  An eldritch tentacle (D)
  A red draconian (D)
  A blink frog (D)
  A killer bee (D)
  49 eldritch tentacle segments (D)
53 creatures vanquished.

Grand Total: 593 creatures vanquished

Notes
Turn   | Place    | Note
--------------------------------------------------------------
     0 | D        | patman the Formicid Fighter began the quest for the Orb.
     0 | D        | Reached XP level 1. HP: 18/18 MP: 1/1
    20 | D        | Found a sacrificial altar of Ru.
    20 | D        | Found a basalt altar of Yredelemnul.
    20 | D        | Found a shadowy altar of Dithmenos.
    20 | D        | Found a deep blue altar of Sif Muna.
    20 | D        | Found a burning altar of Makhleb.
    20 | D        | Found a shimmering altar of Xom.
    20 | D        | Found an ancient bone altar of Kikubaaqudgha.
    20 | D        | Found a sparkling altar of Nemelex Xobeh.
    21 | D        | Found a glowing golden altar of the Shining One.
    21 | D        | Found a bloodstained altar of Trog.
    21 | D        | Found a shattered altar of Ashenzari.
    21 | D        | Found a white marble altar of Elyvilon.
    21 | D        | Found a snail-covered altar of Cheibriados.
    21 | D        | Found a blossoming altar of Fedhas.
    21 | D        | Found a radiant altar of Vehumet.
    21 | D        | Found a glowing silver altar of Zin.
    21 | D        | Found a corrupted altar of Lugonu.
    21 | D        | Found a viscous altar of Jiyva.
    21 | D        | Found a roughly hewn altar of Beogh.
    21 | D        | Found an iron altar of Okawaru.
    26 | D        | Became a worshipper of Cheibriados the Contemplative
    64 | D        | Acquired Cheibriados's first power
    64 | D        | Reached XP level 2. HP: 20/24 MP: 2/2
   108 | D        | Noticed a worker ant
   118 | D        | Killed a worker ant
   118 | D        | Reached skill level 5 in Dodging
   118 | D        | Reached XP level 3. HP: 21/29 MP: 3/3
   280 | D        | Acquired Cheibriados's second power
   280 | D        | Reached skill level 6 in Dodging
   283 | D        | Reached XP level 4. HP: 27/35 MP: 4/4
   424 | D        | Noticed a gnoll sergeant
   425 | D        | Noticed a brain worm
   427 | D        | Noticed an orc priest
   429 | D        | Noticed an orc wizard
   429 | D        | Killed a brain worm
   429 | D        | Acquired Cheibriados's third power
   429 | D        | Reached skill level 7 in Invocations
   429 | D        | Reached XP level 5. HP: 41/41 MP: 4/10
   430 | D        | Noticed a giant frog
   434 | D        | Noticed an orc wizard
   441 | D        | Reached skill level 8 in Invocations
   441 | D        | Killed a giant frog
   441 | D        | Acquired Cheibriados's fourth power
   441 | D        | Reached skill level 10 in Invocations
   441 | D        | Reached XP level 6. HP: 16/47 MP: 6/13
   441 | D        | Killed an orc priest
   441 | D        | Reached skill level 11 in Invocations
   441 | D        | Killed an orc wizard
   442 | D        | Killed a gnoll sergeant
   442 | D        | Reached skill level 13 in Invocations
   455 | D        | Killed an orc wizard
   455 | D        | Reached XP level 7. HP: 17/52 MP: 3/17
   673 | D        | Noticed a gnoll sergeant
   685 | D        | Killed a gnoll sergeant
   691 | D        | Reached skill level 5 in Shields
   694 | D        | Noticed a quasit
   694 | D        | Noticed a warg
   694 | D        | Noticed a deep elf fighter
   695 | D        | Killed a quasit
   700 | D        | Killed a warg
   713 | D        | Killed a deep elf fighter
   718 | D        | Noticed Pikel
   718 | D        | Noticed a slave
   718 | D        | Noticed a slave
   718 | D        | Noticed a slave
   718 | D        | Noticed a slave
   718 | D        | Noticed a two-headed ogre
   718 | D        | Noticed Urug
   720 | D        | Killed a slave
   723 | D        | Killed a two-headed ogre
   723 | D        | Reached XP level 8. HP: 45/58 MP: 12/18
   730 | D        | Killed Pikel
   730 | D        | Reached skill level 10 in Armour
   730 | D        | Killed a slave
   730 | D        | Killed a slave
   730 | D        | Killed a slave
   740 | D        | Killed Urug
   740 | D        | Reached XP level 9. HP: 20/64 MP: 11/19
  1087 | D        | Found a stormy altar of Qazlal.
  1087 | D        | Found an opulent altar of Gozag.
  1120 | D        | Noticed a centaur
  1120 | D        | Noticed a porcupine
  1120 | D        | Noticed a steam dragon
  1125 | D        | Killed a porcupine
  1128 | D        | Killed a steam dragon
  1129 | D        | Killed a centaur
  1129 | D        | Reached skill level 5 in Maces & Flails
  1137 | D        | Noticed a molten gargoyle
  1137 | D        | Noticed a guardian mummy
  1137 | D        | Noticed a boulder beetle
  1140 | D        | Killed a molten gargoyle
  1142 | D        | Killed a boulder beetle
  1143 | D        | Killed a guardian mummy
  1143 | D        | Reached XP level 10. HP: 70/70 MP: 9/20
  1206 | D        | Noticed a yak
  1206 | D        | Noticed a yak
  1206 | D        | Noticed a yak
  1206 | D        | Noticed a yak
  1206 | D        | Noticed a yak
  1206 | D        | Noticed a hornet
  1206 | D        | Noticed an orc high priest
  1206 | D        | Noticed an orc priest
  1206 | D        | Noticed an orc wizard
  1207 | D        | Killed an orc priest
  1207 | D        | Killed an orc wizard
  1210 | D        | Noticed a sixfirhy
  1210 | D        | Killed a yak
  1210 | D        | Reached skill level 10 in Maces & Flails
  1211 | D        | Killed a hornet
  1212 | D        | Killed a yak
  1216 | D        | Killed a yak
  1219 | D        | Killed a yak
  1219 | D        | Killed a yak
  1219 | D        | Killed a sixfirhy
  1220 | D        | Killed an orc high priest
  1464 | D        | Noticed a hungry ghost
  1464 | D        | Noticed a polar bear
  1478 | D        | Killed a hungry ghost
  1483 | D        | Killed a polar bear
  1486 | D        | Noticed a lindwurm
  1490 | D        | Killed a lindwurm
  1490 | D        | Reached skill level 14 in Maces & Flails
  1490 | D        | Reached XP level 11. HP: 75/75 MP: 21/21
  1499 | D        | Noticed a necromancer
  1499 | D        | Noticed a steam dragon
  1499 | D        | Noticed a crocodile
  1499 | D        | Noticed a yak
  1499 | D        | Noticed a yak
  1500 | D        | Noticed a yak
  1500 | D        | Noticed a yak
  1509 | D        | Killed a yak
  1510 | D        | Killed a crocodile
  1518 | D        | Killed a yak
  1525 | D        | Killed a yak
  1534 | D        | Killed a necromancer
  1534 | D        | Reached skill level 15 in Invocations
  1538 | D        | Killed a steam dragon
  1541 | D        | Noticed a guardian mummy
  1541 | D        | Noticed an eye of draining
  1546 | D        | Killed a yak
  1552 | D        | Killed an eye of draining
  1557 | D        | Killed a guardian mummy
  1593 | D        | Noticed a hound
  1593 | D        | Noticed a slime creature
  1593 | D        | Noticed a slime creature
  1593 | D        | Noticed a slime creature
  1594 | D        | Killed a hound
  1599 | D        | Killed a slime creature
  1607 | D        | Killed a slime creature
  1607 | D        | Reached skill level 16 in Invocations
  1609 | D        | Killed a slime creature
  1610 | D        | Noticed a bog body
  1614 | D        | Killed a bog body
  1995 | D        | Upgraded the game from 0.17-a0-1714-g35622ae to 0.17-a0-1718-g72dbe4d
  2008 | D        | Noticed Duvessa
  2008 | D        | Noticed Dowan
  2008 | D        | Noticed a water moccasin
  2009 | D        | Noticed a hippogriff
  2009 | D        | Noticed a centaur
  2009 | D        | Noticed a wolf
  2009 | D        | Noticed a wolf
  2009 | D        | Noticed a wolf
  2009 | D        | Noticed a hornet
  2009 | D        | Noticed a blue devil
  2009 | D        | Noticed a spiny frog
  2010 | D        | Noticed a minotaur
  2010 | D        | Noticed a mottled dragon
  2010 | D        | Killed a water moccasin
  2010 | D        | Killed a wolf
  2010 | D        | Killed a centaur
  2010 | D        | Killed a wolf
  2010 | D        | Killed a wolf
  2012 | D        | Killed Duvessa
  2012 | D        | Killed a hornet
  2012 | D        | Killed Dowan
  2012 | D        | Killed a hippogriff
  2012 | D        | Killed a blue devil
  2012 | D        | Reached skill level 10 in Fighting
  2012 | D        | Reached skill level 17 in Invocations
  2012 | D        | Killed a mottled dragon
  2012 | D        | Killed a spiny frog
  2027 | D        | Killed a minotaur
  2114 | D        | Got the ring of Equ Nym {rPois rN+++ MR- Dex-4 SInv}
  2226 | D        | Noticed a swamp drake
  2230 | D        | Killed a swamp drake
  2240 | D        | Noticed a molten gargoyle
  2240 | D        | Noticed a snapping turtle
  2244 | D        | Noticed a vampire mosquito
  2247 | D        | Noticed a vampire mosquito
  2248 | D        | Killed a vampire mosquito
  2248 | D        | Killed a vampire mosquito
  2249 | D        | Killed a snapping turtle
  2249 | D        | Reached XP level 12. HP: 48/101 MP: 18/24
  2250 | D        | Killed a molten gargoyle
  2477 | D        | Noticed a water moccasin
  2478 | D        | Noticed a great orb of eyes
  2481 | D        | Killed a water moccasin
  2485 | D        | Killed a great orb of eyes
  2486 | D        | Noticed a giant leech
  2494 | D        | Killed a giant leech
  2608 | D        | Noticed a spriggan druid
  2610 | D        | Noticed an unseen horror
  2616 | D        | Killed a spriggan druid
  2616 | D        | Killed an unseen horror
  2629 | D        | Noticed a big kobold
  2629 | D        | Noticed an air elemental
  2629 | D        | Noticed a killer bee
  2630 | D        | Noticed a killer bee
  2630 | D        | Noticed a killer bee
  2630 | D        | Killed an air elemental
  2632 | D        | Killed a killer bee
  2639 | D        | Killed a killer bee
  2642 | D        | Killed a big kobold
  2646 | D        | Killed a killer bee
  2682 | D        | Noticed an eye of devastation
  2682 | D        | Noticed an eye of devastation
  2683 | D        | Noticed an orc knight
  2683 | D        | Noticed an orc knight
  2683 | D        | Noticed an orc knight
  2683 | D        | Noticed an orc knight
  2684 | D        | Noticed a killer bee
  2684 | D        | Noticed a killer bee
  2684 | D        | Noticed an orc warlord
  2684 | D        | Noticed an orc warlord
  2686 | D        | Noticed an orc knight
  2687 | D        | Killed a killer bee
  2688 | D        | Noticed a killer bee
  2691 | D        | Killed a killer bee
  2694 | D        | Killed an orc knight
  2705 | D        | Killed an orc warlord
  2705 | D        | Reached skill level 10 in Dodging
  2710 | D        | Killed an eye of devastation
  2715 | D        | HP: 4/108 [disintegration (36)]
  2718 | D        | Killed an eye of devastation
  2720 | D        | Killed an orc knight
  2721 | D        | Killed a killer bee
  2729 | D        | Killed an orc warlord
  2729 | D        | Reached skill level 15 in Fighting
  2738 | D        | Killed an orc knight
  2742 | D        | Killed an orc knight
  2744 | D        | Noticed an orc knight
  2744 | D        | Noticed an orc knight
  2749 | D        | Noticed a killer bee
  2751 | D        | Killed an orc knight
  2751 | D        | Reached XP level 13. HP: 49/117 MP: 12/25
  2757 | D        | Killed an orc knight
  2758 | D        | Killed a killer bee
  2765 | D        | Killed an orc knight
  2778 | D        | Noticed a naga warrior
  2792 | D        | Noticed an orc knight
  2796 | D        | Killed a naga warrior
  2802 | D        | Killed an orc knight
  3106 | D        | Noticed a harpy
  3106 | D        | Noticed a harpy
  3106 | D        | Noticed a killer bee
  3106 | D        | Noticed a yaktaur
  3106 | D        | Noticed a yaktaur
  3107 | D        | Noticed a yaktaur captain
  3107 | D        | Noticed a storm dragon
  3107 | D        | Noticed a yaktaur
  3107 | D        | Noticed a naga warrior
  3107 | D        | Noticed a yaktaur captain
  3108 | D        | Noticed a harpy
  3108 | D        | Noticed a yaktaur captain
  3108 | D        | Noticed a yaktaur captain
  3109 | D        | Noticed a yaktaur
  3109 | D        | Killed a killer bee
  3109 | D        | Killed a harpy
  3109 | D        | Killed a harpy
  3109 | D        | Killed a harpy
  3112 | D        | Killed a yaktaur
  3112 | D        | Killed a yaktaur
  3112 | D        | Killed a yaktaur
  3112 | D        | Killed a yaktaur
  3113 | D        | Killed a yaktaur captain
  3113 | D        | Killed a yaktaur captain
  3113 | D        | Reached skill level 15 in Armour
  3113 | D        | Killed a yaktaur captain
  3114 | D        | Killed a yaktaur captain
  3115 | D        | Killed a storm dragon
  3122 | D        | Killed a naga warrior
  3331 | D        | Noticed a deep elf knight
  3332 | D        | Noticed a killer bee
  3332 | D        | Noticed an orc knight
  3347 | D        | Noticed a titan
  3350 | D        | Noticed an orc knight
  3351 | D        | Noticed a naga warrior
  3352 | D        | Killed a killer bee
  3353 | D        | Killed an orc knight
  3353 | D        | Killed a deep elf knight
  3355 | D        | Killed an orc knight
  3355 | D        | Reached skill level 18 in Armour
  3357 | D        | Killed a titan
  3360 | D        | Killed a naga warrior
  3360 | D        | Reached skill level 19 in Armour
  3360 | D        | Reached XP level 14. HP: 100/124 MP: 6/26
  3631 | D        | Noticed a spriggan air mage
  3631 | D        | Noticed a polar bear
  3631 | D        | Noticed a rust devil
  3631 | D        | Noticed a yaktaur
  3631 | D        | Noticed a hell hog
  3631 | D        | Noticed a hell hog
  3631 | D        | Noticed a death cob
  3631 | D        | Noticed Nessos
  3633 | D        | Killed a death cob
  3633 | D        | Killed a spriggan air mage
  3633 | D        | Killed a hell hog
  3634 | D        | Killed a polar bear
  3635 | D        | Killed a hell hog
  3637 | D        | Killed a yaktaur
  3639 | D        | Killed a rust devil
  3644 | D        | Killed Nessos
  3746 | D        | Noticed a naga mage
  3746 | D        | Noticed a naga
  3746 | D        | Noticed a molten gargoyle
  3746 | D        | Noticed an angel
  3746 | D        | Noticed a rust devil
  3747 | D        | Noticed a fire crab
  3747 | D        | Noticed a red draconian
  3752 | D        | Killed a fire crab
  3754 | D        | Noticed a gnoll shaman
  3755 | D        | Noticed a phantasmal warrior
  3756 | D        | Noticed a naga
  3766 | D        | Killed a phantasmal warrior
  3768 | D        | Killed a molten gargoyle
  3776 | D        | Killed a gnoll shaman
  3781 | D        | Killed a red draconian
  3783 | D        | Killed a naga
  3787 | D        | Killed a naga mage
  3792 | D        | Killed a rust devil
  3792 | D        | Reached skill level 5 in Spellcasting
  3829 | D        | Noticed a redback
  3837 | D        | Killed a redback
  3844 | D        | Noticed a water elemental
  3845 | D        | Noticed a redback
  3847 | D        | Killed a water elemental
  3852 | D        | Killed a redback
  3861 | D        | Noticed a deep elf summoner
  3864 | D        | Killed a deep elf summoner
  3875 | D        | Killed an angel
  3876 | D        | Noticed a freezing wraith
  3877 | D        | Killed a freezing wraith
  3881 | D        | Noticed a redback
  3881 | D        | Noticed a blink frog
  3883 | D        | Noticed a polar bear
  3884 | D        | Killed a redback
  3886 | D        | Noticed a blink frog
  3887 | D        | Noticed a naga
  3892 | D        | Noticed a blink frog
  3892 | D        | Killed a naga
  3894 | D        | Noticed a black mamba
  3894 | D        | Killed a polar bear
  3895 | D        | Noticed a naga mage
  3896 | D        | Killed a blink frog
  3899 | D        | Noticed a jumping spider
  3899 | D        | Noticed a harpy
  3899 | D        | Killed a black mamba
  3899 | D        | Killed a harpy
  3899 | D        | Killed a jumping spider
  3899 | D        | Killed a blink frog
  3901 | D        | Noticed a scorpion
  3903 | D        | Killed a naga
  3904 | D        | Killed a scorpion
  3905 | D        | Noticed a blink frog
  3906 | D        | Noticed a vampire mage
  3911 | D        | Killed a blink frog
  3912 | D        | Killed a naga mage
  3913 | D        | Killed a vampire mage
  3958 | D        | Noticed a ynoxinul
  3963 | D        | Killed a ynoxinul
  3981 | D        | Killed a blink frog
  3988 | D        | Got the +0 pair of gloves of Incorporation {*Confuse MR+ Str+3 SInv}
  4025 | D        | Noticed a giant leech
  4031 | D        | Killed a giant leech
  4091 | D        | Noticed a spriggan berserker
  4092 | D        | Noticed an angel
  4096 | D        | Killed a spriggan berserker
  4096 | D        | Reached skill level 20 in Invocations
  4119 | D        | Killed an angel
  4119 | D        | Reached skill level 15 in Dodging
  4148 | D        | Noticed a deep elf demonologist
  4148 | D        | Noticed a deep elf death mage
  4149 | D        | Noticed a sphinx
  4149 | D        | Noticed a hell knight
  4152 | D        | Noticed a yellow draconian monk
  4153 | D        | Killed a deep elf death mage
  4153 | D        | Killed a deep elf demonologist
  4157 | D        | Noticed a lich
  4169 | D        | Killed a yellow draconian monk
  4174 | D        | Killed a sphinx
  4174 | D        | Reached skill level 21 in Invocations
  4174 | D        | Reached XP level 15. HP: 77/137 MP: 12/29
  4274 | D        | Killed a lich
  4331 | D        | Noticed an ogre mage
  4335 | D        | Killed an ogre mage
  4370 | D        | Noticed a naga mage
  4376 | D        | Killed a naga mage
  4378 | D        | Noticed Margery
  4378 | D        | Noticed a necromancer
  4379 | D        | Noticed a necromancer
  4380 | D        | Noticed a necromancer
  4380 | D        | Killed a necromancer
  4380 | D        | Killed a necromancer
  4381 | D        | Killed a hell knight
  4381 | D        | Reached skill level 22 in Invocations
  4383 | D        | Noticed a deep elf high priest
  4384 | D        | Killed a necromancer
  4385 | D        | Noticed an ogre mage
  4386 | D        | Killed a deep elf high priest
  4387 | D        | Noticed an ogre mage
  4387 | D        | Noticed a naga mage
  4390 | D        | Noticed a yellow draconian zealot
  4391 | D        | Noticed a deep elf sorcerer
  4394 | D        | Killed Margery
  4398 | D        | Killed an ogre mage
  4398 | D        | Killed an ogre mage
  4398 | D        | Reached skill level 23 in Invocations
  4398 | D        | Killed a naga mage
  4402 | D        | Killed a deep elf sorcerer
  4404 | D        | Killed a yellow draconian zealot
  4405 | D        | Noticed an apis
  4416 | D        | Killed an apis
  4418 | D        | Noticed a wizard
  4423 | D        | Killed a wizard
  4631 | D        | Noticed an ogre mage
  4637 | D        | Killed an ogre mage
  4650 | D        | Noticed a wizard
  4650 | D        | Noticed a naga mage
  4651 | D        | Noticed a mottled draconian scorcher
  4652 | D        | Noticed a spriggan berserker
  4654 | D        | Noticed a chaos spawn
  4658 | D        | Killed a wizard
  4662 | D        | Killed a naga mage
  4663 | D        | Killed a spriggan berserker
  4663 | D        | Reached skill level 24 in Invocations
  4663 | D        | Killed a chaos spawn
  4669 | D        | Killed a mottled draconian scorcher
  4720 | D        | Identified Sif Muna's Incunabulum of the Lethal Glacier (You found it in the Dungeon)
  4743 | D        | Identified Vewk's Almanac of Translocation (You found it in the Dungeon)
  4782 | D        | Got the ring "Qiylarghi" {+Blink rC+ Str-3 Int+6}
  4784 | D        | Got the amulet "Piguqoy" {Gourm +Blink rF+ SInv}
  4787 | D        | Got the ring "Vukeut" {rF- rC+++ MP+9 Slay-6 SInv}
  4790 | D        | Got the ring of Cimoch {EV+3 Str+4}
  4793 | D        | Got the amulet of Sanem Mayb {rCorr +Inv Dex+4}
  4795 | D        | Got the amulet of Idealism {Faith rN+ Str+4 Dex-2}
  4798 | D        | Got the amulet "Bipoac" {Faith *Confuse rF++}
  4800 | D        | Got the amulet "Uzxuo" {Stasis Int+3}
  4802 | D        | Got the amulet of Dyeharok {Gourm rF+ rN+}
  4804 | D        | Got the ring of Dishonour {rN++ MP+9 Dex+3}
  4807 | D        | Got the ring "Mashreste" {SustAt rC+ Int+4}
  4809 | D        | Got the amulet "Tontauti" {Regen+ MP+9 Str+2 Dex-3 SInv}
  4818 | D        | Got the ring of Maxkices {Str+7 Dex-3 Slay+5}
  4821 | D        | Got the amulet "Kaqaaduwn" {rMut rC++}
  4842 | D        | Got the ring of the Present {rC+ MR+ EV+6 Str+3 Dex+3}
  4845 | D        | Got the ring "Byuraf" {+Fly rF+ rC- Int+3 Dex+10}
  4848 | D        | Got the ring "Roschan" {Wiz Str+3}
  4851 | D        | Got the ring "Josusm" {rN+ EV+6}
  4857 | D        | Got the ring "Jetisen" {rPois Dex+4 SInv}
  4861 | D        | Got the ring of Fun {rC+ AC+6}
  4868 | D        | Got the ring "Suebree" {-Tele *Confuse rPois MP+9 Str+10}
  4871 | D        | Got the ring "Kirhe" {rC++ MR+ Str-2 Dex+3 Stlth-}
  4874 | D        | Got the ring of Nuotait {rN+ Int+4 Dex+4}
  4877 | D        | Got the ring of Puagaes {rPois rN+ MR- Str+2 Stlth+}
  4883 | D        | Got the ring of Prescription {rElec rN+}
  4885 | D        | Got the ring of Vehumet's Displeasure {+Inv rN++ MR+ Str-3 SInv}
  4999 | D        | Noticed an ice devil
  4999 | D        | Noticed an eye of devastation
  4999 | D        | Noticed a neqoxec
  4999 | D        | Gained mutation: Your body sometimes deteriorates upon taking damage. [a neqoxec]
  5003 | D        | Killed an ice devil
  5007 | D        | Killed a neqoxec
  5012 | D        | Killed an eye of devastation
  5019 | D        | Noticed a deep elf sorcerer
  5022 | D        | Noticed a fire elemental
  5023 | D        | Killed a deep elf sorcerer
  5025 | D        | Noticed a black draconian
  5026 | D        | Noticed a spriggan druid
  5029 | D        | Noticed a red draconian
  5030 | D        | Killed a spriggan druid
  5031 | D        | Noticed a deep troll
  5032 | D        | Killed a fire elemental
  5033 | D        | Noticed a death knight
  5033 | D        | Noticed a wandering mushroom
  5034 | D        | Noticed a purple draconian
  5035 | D        | Killed a wandering mushroom
  5037 | D        | Killed a deep troll
  5040 | D        | Noticed a deep troll shaman
  5041 | D        | Noticed a vampire
  5041 | D        | Noticed a large abomination
  5043 | D        | Killed a death knight
  5044 | D        | Noticed a deep troll
  5044 | D        | Killed a black draconian
  5047 | D        | Killed a vampire
  5047 | D        | Reached skill level 25 in Invocations
  5048 | D        | Noticed a deep troll earth mage
  5049 | D        | Noticed a vampire
  5050 | D        | Killed a purple draconian
  5050 | D        | Reached XP level 16. HP: 77/149 MP: 11/32
  5051 | D        | Killed a deep troll shaman
  5051 | D        | Killed a deep troll
  5051 | D        | Killed a large abomination
  5051 | D        | Killed a red draconian
  5051 | D        | Killed a vampire
  5052 | D        | Noticed a deep troll
  5053 | D        | Noticed a hell hound
  5053 | D        | Noticed a hell hound
  5054 | D        | Noticed a hell hound
  5055 | D        | Noticed a hell hound
  5057 | D        | Killed a deep troll earth mage
  5060 | D        | Noticed a spriggan defender
  5060 | D        | Killed a hell hound
  5060 | D        | Killed a hell hound
  5060 | D        | Killed a hell hound
  5060 | D        | Killed a hell hound
  5069 | D        | Killed a deep troll
  5075 | D        | Killed a spriggan defender
  5075 | D        | Reached skill level 26 in Invocations
  5105 | D        | Noticed a sun demon
  5108 | D        | Killed a sun demon
  5399 | D        | Noticed a white ugly thing
  5400 | D        | Noticed a dire elephant
  5400 | D        | Noticed a deep elf death mage
  5401 | D        | Noticed an eidolon
  5402 | D        | Noticed a merfolk avatar
  5404 | D        | Noticed a war gargoyle
  5405 | D        | Killed a war gargoyle
  5406 | D        | Killed a white ugly thing
  5407 | D        | Killed a deep elf death mage
  5408 | D        | Noticed a redback
  5408 | D        | Killed a redback
  5409 | D        | Noticed a mottled draconian
  5409 | D        | Killed a ghostly white ugly thing
  5410 | D        | Noticed an air elemental
  5412 | D        | Noticed an alligator snapping turtle
  5412 | D        | Noticed a fire drake
  5412 | D        | Killed a dire elephant
  5420 | D        | Killed a merfolk avatar
  5423 | D        | Killed an eidolon
  5429 | D        | Killed a mottled draconian
  5429 | D        | Reached skill level 27 in Invocations
  5431 | D        | Killed a fire drake
  5432 | D        | Killed an air elemental
  5434 | D        | Noticed a spriggan rider
  5436 | D        | Noticed a redback
  5438 | D        | Noticed a jumping spider
  5438 | D        | Killed a redback
  5438 | D        | Killed a jumping spider
  5439 | D        | Noticed an anaconda
  5442 | D        | Noticed a redback
  5442 | D        | Noticed a golden eye
  5443 | D        | Killed a spriggan rider
  5443 | D        | Killed a wasp
  5444 | D        | Noticed a redback
  5448 | D        | Killed a redback
  5448 | D        | Killed a golden eye
  5451 | D        | Noticed a redback
  5456 | D        | Killed an alligator snapping turtle
  5459 | D        | Killed a redback
  5466 | D        | Killed a redback
  5470 | D        | Got the +10 pearl dragon armour of the Desert {rC+ rN+}
  5474 | D        | Noticed a hellion
  5474 | D        | Noticed an iron troll
  5478 | D        | Killed a hellion
  5478 | D        | Killed an anaconda
  5479 | D        | Noticed a death knight
  5486 | D        | Killed a death knight
  5489 | D        | Killed an iron troll
  5489 | D        | Reached skill level 15 in Maces & Flails
  5718 | D        | Noticed a fire dragon
  5719 | D        | Noticed an angel
  5720 | D        | Noticed a red ugly thing
  5722 | D        | Killed a fire dragon
  5729 | D        | Killed an angel
  5731 | D        | Killed a red ugly thing
  5842 | D        | Noticed Nikola
  5842 | D        | Noticed an ettin
  5842 | D        | Noticed a centaur warrior
  5843 | D        | Noticed a purple draconian
  5853 | D        | Killed Nikola
  5854 | D        | Killed a centaur warrior
  5860 | D        | Killed an ettin
  5867 | D        | Killed a purple draconian
  6015 | D        | Noticed a stone giant
  6015 | D        | Noticed a deep troll
  6015 | D        | Noticed a cyclops
  6015 | D        | Noticed a deep troll
  6015 | D        | Noticed a stone giant
  6015 | D        | Noticed a hill giant
  6015 | D        | Noticed a troll
  6015 | D        | Noticed a deep troll
  6015 | D        | Noticed a deep troll
  6015 | D        | Noticed a hill giant
  6015 | D        | Noticed a deep troll
  6015 | D        | Noticed an ogre
  6015 | D        | Noticed a cyclops
  6015 | D        | Noticed an ogre
  6015 | D        | Noticed a two-headed ogre
  6015 | D        | Noticed a deep troll
  6015 | D        | Noticed a two-headed ogre
  6015 | D        | Noticed a stone giant
  6015 | D        | Noticed a troll
  6015 | D        | Noticed a two-headed ogre
  6015 | D        | Noticed a titan
  6015 | D        | Noticed an iron troll
  6015 | D        | Noticed a hill giant
  6015 | D        | Noticed a deep troll
  6015 | D        | Noticed an ogre
  6015 | D        | Noticed a cyclops
  6015 | D        | Noticed a deep troll
  6015 | D        | Noticed a troll
  6015 | D        | Noticed a deep troll
  6015 | D        | Noticed an ettin
  6015 | D        | Noticed a deep troll
  6015 | D        | Noticed a two-headed ogre
  6015 | D        | Noticed a cyclops
  6015 | D        | Noticed a two-headed ogre
  6015 | D        | Noticed an ettin
  6015 | D        | Noticed an ogre
  6015 | D        | Noticed a hill giant
  6015 | D        | Noticed a stone giant
  6016 | D        | Noticed a deep troll
  6017 | D        | Killed a two-headed ogre
  6017 | D        | Killed an ogre
  6017 | D        | Killed a two-headed ogre
  6017 | D        | Killed an ogre
  6017 | D        | Killed a two-headed ogre
  6017 | D        | Killed an ogre
  6017 | D        | Killed a two-headed ogre
  6017 | D        | Killed an ogre
  6018 | D        | Noticed a deep troll
  6018 | D        | Noticed a troll
  6018 | D        | Killed a deep troll
  6018 | D        | Killed a deep troll
  6018 | D        | Killed a troll
  6018 | D        | Killed a deep troll
  6018 | D        | Killed a troll
  6018 | D        | Killed a deep troll
  6018 | D        | Killed a deep troll
  6018 | D        | Killed a hill giant
  6018 | D        | Killed a deep troll
  6018 | D        | Killed a deep troll
  6018 | D        | Killed a deep troll
  6018 | D        | Killed a deep troll
  6018 | D        | Killed a two-headed ogre
  6018 | D        | Killed a deep troll
  6019 | D        | Noticed a deep troll
  6019 | D        | Noticed a two-headed ogre
  6019 | D        | Noticed a deep troll
  6019 | D        | Noticed a deep troll
  6019 | D        | Noticed a troll
  6019 | D        | Killed a troll
  6019 | D        | Killed an ettin
  6019 | D        | Reached XP level 17. HP: 155/155 MP: 18/34
  6019 | D        | Killed a hill giant
  6019 | D        | Killed a hill giant
  6019 | D        | Killed a deep troll
  6019 | D        | Killed an ettin
  6019 | D        | Killed a troll
  6020 | D        | Noticed an ogre mage
  6020 | D        | Noticed an ogre mage
  6020 | D        | Noticed a troll
  6020 | D        | Noticed a deep troll
  6020 | D        | Killed a stone giant
  6021 | D        | Noticed a hill giant
  6021 | D        | Noticed a two-headed ogre
  6021 | D        | Noticed a deep troll
  6021 | D        | Noticed a stone giant
  6021 | D        | Noticed a troll
  6021 | D        | Noticed a deep troll
  6022 | D        | Killed a stone giant
  6022 | D        | Killed a two-headed ogre
  6022 | D        | Killed a stone giant
  6022 | D        | Killed a hill giant
  6023 | D        | Killed a stone giant
  6024 | D        | Killed a two-headed ogre
  6024 | D        | Killed a troll
  6024 | D        | Killed a deep troll
  6024 | D        | Killed a deep troll
  6024 | D        | Killed a deep troll
  6024 | D        | Killed a cyclops
  6024 | D        | Killed a troll
  6024 | D        | Killed a deep troll
  6025 | D        | Killed a titan
  6025 | D        | Killed an ogre mage
  6025 | D        | Killed a deep troll
  6025 | D        | Killed a hill giant
  6025 | D        | Killed an ogre mage
  6025 | D        | Killed a cyclops
  6025 | D        | Killed a deep troll
  6025 | D        | Killed a troll
  6027 | D        | Killed a stone giant
  6030 | D        | Killed a deep troll
  6032 | D        | Killed an iron troll
  6034 | D        | Killed a cyclops
  6035 | D        | Killed a cyclops
  6088 | D        | Got a silver rune of Zot
  6243 | D        | Noticed Bodep the pandemonium lord
  6252 | D        | Killed Bodep the pandemonium lord
  6280 | D        | Noticed a hellephant
  6293 | D        | Killed a hellephant
  6319 | D        | Noticed a Shadow Fiend
  6325 | D        | Killed a Shadow Fiend
  6376 | D        | Noticed Raemn the pandemonium lord
  6382 | D        | Killed Raemn the pandemonium lord
  6448 | D        | Noticed Dissolution
  6448 | D        | Noticed an Executioner
  6448 | D        | Noticed a pearl dragon
  6448 | D        | Noticed a hell knight
  6448 | D        | Noticed a necromancer
  6448 | D        | Noticed a necromancer
  6448 | D        | Noticed a necromancer
  6448 | D        | Noticed a hell knight
  6450 | D        | Killed a necromancer
  6451 | D        | Killed an Executioner
  6451 | D        | Killed a necromancer
  6452 | D        | Killed a hell knight
  6452 | D        | Killed a necromancer
  6453 | D        | Killed a hell knight
  6454 | D        | Killed a pearl dragon
  6454 | D        | Reached XP level 18. HP: 166/169 MP: 15/35
  6461 | D        | Killed Dissolution
  6612 | D        | Noticed Gloorx Vloq
  6620 | D        | Killed Gloorx Vloq
  6888 | D        | Noticed an Ice Fiend
  6890 | D        | Killed an Ice Fiend
  6997 | D        | Noticed an Ice Fiend
  7000 | D        | Killed an Ice Fiend
  7186 | D        | Noticed a pearl dragon
  7192 | D        | Killed a pearl dragon
  7295 | D        | Noticed a reaper
  7299 | D        | Killed a reaper
  7340 | D        | Noticed a balrug
  7345 | D        | Killed a balrug
  7422 | D        | Noticed a golden eye
  7423 | D        | Killed a golden eye
  7433 | D        | Noticed an electric golem
  7437 | D        | Killed an electric golem
  7441 | D        | Noticed a golden dragon
  7446 | D        | Killed a golden dragon
  7450 | D        | Noticed a blizzard demon
  7452 | D        | Killed a blizzard demon
  7453 | D        | Noticed a death ooze
  7455 | D        | Killed a death ooze
  7459 | D        | Noticed a Killer Klown
  7466 | D        | Killed a Killer Klown
  7472 | D        | Noticed a Hell Sentinel
  7478 | D        | Killed a Hell Sentinel
  7478 | D        | Reached skill level 27 in Fighting
  7631 | D        | Noticed a deep elf annihilator
  7636 | D        | Killed a deep elf annihilator
  7641 | D        | Noticed an ophan
  7644 | D        | Killed an ophan
  7647 | D        | Noticed a blizzard demon
  7649 | D        | Killed a blizzard demon
  7649 | D        | Reached XP level 19. HP: 189/189 MP: 36/36
  7651 | D        | Noticed an ancient lich
  7654 | D        | Killed an ancient lich
  7657 | D        | Noticed a deep elf master archer
  7662 | D        | Killed a deep elf master archer
  7691 | D        | Noticed a torpor snail
  7693 | D        | Killed a torpor snail
  7695 | D        | Noticed a Hell Sentinel
  7698 | D        | Killed a Hell Sentinel
  7704 | D        | Noticed a green death
  7707 | D        | Killed a green death
  7710 | D        | Noticed a hell beast
  7712 | D        | Killed a hell beast
  7714 | D        | Noticed Khufu
  7717 | D        | Killed Khufu
  8008 | D        | Noticed Louise
  8016 | D        | Killed Louise
  8019 | D        | Noticed a hell knight
  8020 | D        | Killed a hell knight
  8025 | D        | Noticed a Brimstone Fiend
  8029 | D        | Killed a Brimstone Fiend
  8029 | D        | Reached skill level 27 in Dodging
  8095 | D        | Noticed a greater mummy
  8095 | D        | Noticed Mara
  8097 | D        | Killed Mara
  8105 | D        | Killed a greater mummy
  8320 | D        | Noticed Asmodeus
  8330 | D        | Killed Asmodeus
  8654 | D        | Noticed a pearl dragon
  8659 | D        | Killed a pearl dragon
  8714 | D        | Noticed a Brimstone Fiend
  8715 | D        | Killed a Brimstone Fiend
  8718 | D        | Noticed a daeva
  8724 | D        | Killed a daeva
  8727 | D        | Noticed a mummy priest
  8729 | D        | Killed a mummy priest
  8729 | D        | Reached XP level 20. HP: 197/197 MP: 37/37
  8736 | D        | Noticed an orb of fire
  8747 | D        | Gained mutation: You have sharp toenails. [an orb of fire]
  8750 | D        | Killed an orb of fire
  8873 | D        | Noticed Zoajilye the pandemonium lord
  8881 | D        | Killed Zoajilye the pandemonium lord
  8881 | D        | Reached skill level 27 in Shields
  8895 | D        | Noticed Enny the pandemonium lord
  8901 | D        | Killed Enny the pandemonium lord
  9047 | D        | Noticed a hellion
  9048 | D        | Killed a hellion
  9060 | D        | Noticed an ancient lich
  9062 | D        | Killed an ancient lich
  9068 | D        | Noticed an iron elemental
  9073 | D        | Killed an iron elemental
  9075 | D        | Noticed an electric golem
  9085 | D        | Killed an electric golem
  9088 | D        | Noticed an orb of fire
  9090 | D        | Gained mutation: You are resistant to hostile enchantments. [an orb of fire]
  9098 | D        | Killed an orb of fire
  9098 | D        | Reached skill level 27 in Armour
  9409 | D        | Noticed an electric golem
  9414 | D        | Killed an electric golem
  9414 | D        | Reached skill level 27 in Maces & Flails
  9415 | D        | Noticed a titan
  9417 | D        | Killed a titan
  9423 | D        | Noticed a hell beast
  9425 | D        | Killed a hell beast
  9428 | D        | Noticed an electric golem
  9433 | D        | Killed an electric golem
  9433 | D        | Reached skill level 10 in Evocations
  9573 | D        | Noticed a Brimstone Fiend
  9576 | D        | Killed a Brimstone Fiend
  9582 | D        | Noticed an orb of fire
  9587 | D        | Gained mutation: Armour fits poorly on your strangely shaped body. [an orb of fire]
  9589 | D        | Killed an orb of fire
  9589 | D        | Reached skill level 15 in Evocations
  9590 | D        | Lost mutation: Your body sometimes deteriorates upon taking damage. [potion of cure mutation]
  9590 | D        | Lost mutation: You have sharp toenails. [potion of cure mutation]
  9590 | D        | Lost mutation: You are resistant to hostile enchantments. [potion of cure mutation]
  9590 | D        | Lost mutation: Armour fits poorly on your strangely shaped body. [potion of cure mutation]
  9821 | D        | Got the amulet of the Purple Skies {Clar Str+3 Int+4 Dex-5}
  9824 | D        | Got the ring of Abuaprink {+Inv MP+9 Str+3 Int+5 Stlth-}
  9828 | D        | Got the ring "Deniho" {-Tele +Fly rElec SInv Stlth+}
  9831 | D        | Got the ring "Feysheha" {*Drain +Fly Int+9 SInv Stlth+}
  9834 | D        | Got the ring of Fragile Peace {MR+ Str-3 Dex+4}
  9837 | D        | Got the amulet of Symmetry {Clar rC+ rN+ Stlth+}
  9841 | D        | Got the ring "Arronkef" {SustAt rF+ Str+6}
  9844 | D        | Got an iron rune of Zot
  9846 | D        | Got the ring "Uteymoum" {rN+ MP+9}
  9849 | D        | Got the ring "Gajal" {Int+2 Stlth+}
  9852 | D        | Got the ring "Ucev" {Fire rPois Slay+3}
  9856 | D        | Got the ring "Atrugh" {Ice *Confuse +Inv Str+4}
  9860 | D        | Got the ring "Ciac" {+Fly Dex+4}
  9864 | D        | Got the amulet of Impatience {Clar rC- Int+2 SInv}
  9867 | D        | Got the amulet of Viafasy {Clar Int+2}
  9870 | D        | Got the amulet "Vetwaharch" {Inacc Int+6}
 10023 | D        | Noticed a frost giant
 10027 | D        | Noticed a red draconian
 10027 | D        | Noticed a red draconian
 10027 | D        | Noticed a daeva
 10027 | D        | Noticed a lorocyproca
 10027 | D        | Noticed a blizzard demon
 10028 | D        | Noticed a green draconian monk
 10029 | D        | Noticed a ghost moth
 10029 | D        | Killed a frost giant
 10030 | D        | Noticed a fire giant
 10032 | D        | Noticed a deep elf death mage
 10032 | D        | Killed a ghost moth
 10033 | D        | Killed a blizzard demon
 10033 | D        | Killed a lorocyproca
 10035 | D        | Killed a red draconian
 10039 | D        | Killed a daeva
 10040 | D        | Killed a red draconian
 10041 | D        | Killed a fire giant
 10044 | D        | Killed a green draconian monk
 10049 | D        | Killed a ghostly green draconian monk
 10049 | D        | Reached XP level 21. HP: 90/204 MP: 16/38
 10050 | D        | Noticed a fire giant
 10051 | D        | Noticed a deep elf master archer
 10051 | D        | Killed a deep elf death mage
 10054 | D        | Killed a ghostly deep elf death mage
 10056 | D        | Killed a deep elf master archer
 10061 | D        | Killed a fire giant
 10361 | D        | Noticed an orc sorcerer
 10361 | D        | Noticed a reaper
 10362 | D        | Noticed a guardian serpent
 10362 | D        | Noticed a warg
 10362 | D        | Noticed an orc priest
 10362 | D        | Noticed an orc warrior
 10362 | D        | Noticed a yellow draconian
 10362 | D        | Noticed an orc warrior
 10362 | D        | Noticed a blizzard demon
 10362 | D        | Noticed a titan
 10362 | D        | Noticed a deep elf high priest
 10363 | D        | Noticed a fire giant
 10363 | D        | Killed a warg
 10363 | D        | Killed an orc priest
 10364 | D        | Noticed an ice dragon
 10364 | D        | Noticed a reaper
 10364 | D        | Killed a guardian serpent
 10365 | D        | Noticed a lorocyproca
 10365 | D        | Killed an orc sorcerer
 10365 | D        | Killed an orc warrior
 10365 | D        | Killed an orc warrior
 10366 | D        | Noticed an orc warlord
 10366 | D        | Killed a deep elf high priest
 10367 | D        | Killed a reaper
 10368 | D        | Noticed an orc warrior
 10369 | D        | Killed a fire giant
 10374 | D        | Noticed a blizzard demon
 10378 | D        | Killed a yellow draconian
 10379 | D        | Killed a titan
 10381 | D        | Killed an orc warlord
 10382 | D        | Killed a blizzard demon
 10384 | D        | Killed an ice dragon
 10385 | D        | Killed a reaper
 10388 | D        | Killed an orc warrior
 10389 | D        | Killed a blizzard demon
 10395 | D        | Killed a lorocyproca
 10605 | D        | Noticed a deep elf blademaster
 10606 | D        | Noticed a yaktaur
 10606 | D        | Noticed a death knight
 10606 | D        | Noticed an apis
 10613 | D        | Killed a deep elf blademaster
 10617 | D        | Killed a death knight
 10620 | D        | Killed an apis
 10621 | D        | Noticed a tentacled monstrosity
 10623 | D        | Killed a yaktaur
 10624 | D        | Noticed a blizzard demon
 10625 | D        | Noticed a shadow dragon
 10625 | D        | Noticed a spriggan berserker
 10626 | D        | Noticed a Killer Klown
 10628 | D        | Noticed an iron elemental
 10628 | D        | Killed a tentacled monstrosity
 10629 | D        | Noticed a deep elf master archer
 10630 | D        | Noticed a red draconian
 10631 | D        | Noticed a quicksilver dragon
 10632 | D        | Noticed a fire giant
 10633 | D        | Killed a spriggan berserker
 10634 | D        | Killed a quicksilver dragon
 10635 | D        | Noticed a quicksilver dragon
 10635 | D        | Killed a blizzard demon
 10637 | D        | Noticed an ophan
 10637 | D        | Noticed a deep elf master archer
 10637 | D        | Killed a Killer Klown
 10637 | D        | Reached skill level 27 in Evocations
 10639 | D        | Killed a shadow dragon
 10641 | D        | Noticed a deep elf annihilator
 10641 | D        | Killed a red draconian
 10641 | D        | Reached skill level 10 in Spellcasting
 10642 | D        | Noticed a soul eater
 10643 | D        | Killed a deep elf master archer
 10645 | D        | Killed a quicksilver dragon
 10647 | D        | Killed a fire giant
 10649 | D        | Killed a deep elf master archer
 10655 | D        | Noticed a green death
 10655 | D        | Killed a deep elf annihilator
 10656 | D        | Killed a soul eater
 10659 | D        | Killed an ophan
 10659 | D        | Reached skill level 15 in Spellcasting
 10666 | D        | Killed an iron elemental
 10667 | D        | Killed a green death
 10805 | D        | Got the ring "Deogagho" {+Fly rElec rC++ Int-4 Dex+3}
 10808 | D        | Got the ring "Puad Uco" {rC+ Str+4}
 10811 | D        | Got the ring "Koseleat" {+Fly rF++ Int+3 Stlth-}
 10813 | D        | Got the ring "Dedoigow" {Ice rElec rPois}
 10816 | D        | Got the amulet "Jucs" {Ward rElec rPois rN+ Int-2 Stlth+}
 10819 | D        | Got the ring "Zoics" {rC+ MR- Str+4 Int+2 SInv}
 10822 | D        | Got the amulet of Balance {Faith +Blink}
 10825 | D        | Got the ring of Disaster {*Corrode +Fly rPois rC+ Int+3}
 10851 | D        | Noticed a fire dragon
 10851 | D        | Noticed a lorocyproca
 10851 | D        | Noticed a dire elephant
 10855 | D        | Killed a dire elephant
 10857 | D        | Killed a lorocyproca
 10860 | D        | Noticed Boris
 10863 | D        | Noticed Emnatot the pandemonium lord
 10867 | D        | Killed Boris
 10871 | D        | Killed Emnatot the pandemonium lord
 10873 | D        | Killed a fire dragon
 10878 | D        | Noticed a Killer Klown
 10879 | D        | Noticed a spriggan defender
 10883 | D        | Killed a Killer Klown
 10887 | D        | Killed a spriggan defender
 10888 | D        | Noticed an eye of draining
 10891 | D        | Noticed a Killer Klown
 10894 | D        | Killed an eye of draining
 10894 | D        | Reached skill level 1 in Stealth
 10901 | D        | Killed a Killer Klown
 10971 | D        | Noticed a hell beast
 10971 | D        | Noticed an Orb Guardian
 10971 | D        | Noticed an Orb Guardian
 10971 | D        | Noticed an Orb Guardian
 10971 | D        | Noticed an Orb Guardian
 10974 | D        | Killed an Orb Guardian
 10978 | D        | Killed an Orb Guardian
 10978 | D        | Reached XP level 22. HP: 212/212 MP: 46/46
 10982 | D        | Killed an Orb Guardian
 10983 | D        | Killed a hell beast
 10985 | D        | Killed an Orb Guardian
 10986 | D        | Noticed a shadow dragon
 10988 | D        | Noticed an Orb Guardian
 10988 | D        | Noticed a mottled draconian
 10989 | D        | Noticed an Orb Guardian
 10989 | D        | Noticed Xtahua
 10989 | D        | Noticed an eye of draining
 10990 | D        | Noticed a cherub
 10990 | D        | Noticed a titan
 10991 | D        | Noticed an Ice Fiend
 10992 | D        | Noticed a Shadow Fiend
 10996 | D        | Killed an Orb Guardian
 10999 | D        | Killed a titan
 11000 | D        | Killed a mottled draconian
 11004 | D        | Killed a Shadow Fiend
 11018 | D        | Killed a cherub
 11148 | D        | Killed a shadow dragon
 11389 | D        | Noticed an Orb Guardian
 11399 | D        | Killed Xtahua
 11401 | D        | Killed an Orb Guardian
 11408 | D        | Noticed a reaper
 11416 | D        | Killed an Orb Guardian
 11417 | D        | Killed an Ice Fiend
 11419 | D        | Noticed a blizzard demon
 11421 | D        | Killed a reaper
 11428 | D        | Killed a blizzard demon
 11652 | D        | Noticed an orc priest
 11652 | D        | Noticed an Orb Guardian
 11652 | D        | Noticed an Orb Guardian
 11652 | D        | Noticed an Orb Guardian
 11666 | D        | Noticed an Orb Guardian
 11666 | D        | Noticed an Orb Guardian
 11666 | D        | Noticed an Orb Guardian
 11667 | D        | Noticed an orc warrior
 11667 | D        | Noticed an orc warrior
 11668 | D        | Noticed an orc warrior
 11668 | D        | Noticed an orc warrior
 11668 | D        | Noticed a Hell Sentinel
 11668 | D        | Noticed an ancient lich
 11669 | D        | Noticed an orc warlord
 11669 | D        | Noticed an orc wizard
 11669 | D        | Noticed an orc warrior
 11669 | D        | Noticed a greater mummy
 11669 | D        | Killed an orc wizard
 11670 | D        | Killed an orc warrior
 11670 | D        | Killed an orc warrior
 11670 | D        | Killed an orc warrior
 11670 | D        | Killed an orc warrior
 11670 | D        | Killed an orc warrior
 11671 | D        | Killed an Orb Guardian
 11671 | D        | Killed an Orb Guardian
 11671 | D        | Reached skill level 27 in Stealth
 11672 | D        | Noticed a pearl dragon
 11672 | D        | Noticed an acid blob
 11672 | D        | Noticed a deep elf annihilator
 11672 | D        | Noticed Mnoleg
 11672 | D        | Noticed a deep elf death mage
 11673 | D        | Noticed Norris
 11673 | D        | Noticed a ghost moth
 11674 | D        | Killed an acid blob
 11674 | D        | Killed an Orb Guardian
 11674 | D        | Killed a deep elf death mage
 11674 | D        | Killed a ghost moth
 11674 | D        | Killed an orc priest
 11675 | D        | Killed a pearl dragon
 11676 | D        | Killed Norris
 11676 | D        | Killed an ancient lich
 11676 | D        | Killed a deep elf annihilator
 11679 | D        | Gained mutation: Scrolls take you a little longer to read. [Mnoleg's mutagenic touch]
 11682 | D        | Killed Mnoleg
 11683 | D        | Killed an orc warlord
 11688 | D        | Killed an Orb Guardian
 11689 | D        | Killed a Hell Sentinel
 11690 | D        | Killed a greater mummy
 11691 | D        | Killed an Orb Guardian
 11693 | D        | Killed an eye of draining
 12041 | D        | Killed an Orb Guardian
 12069 | D        | Noticed the 27-headed Lernaean hydra
 12070 | D        | Noticed a golden dragon
 12072 | D        | Noticed a blizzard demon
 12072 | D        | Noticed an apis
 12073 | D        | Noticed an Orb Guardian
 12074 | D        | Noticed an Orb Guardian
 12074 | D        | Noticed an Orb Guardian
 12074 | D        | Noticed an Orb Guardian
 12074 | D        | Noticed an Orb Guardian
 12074 | D        | Noticed an Orb Guardian
 12074 | D        | Noticed Ifilaosch the pandemonium lord
 12074 | D        | Noticed an orb of fire
 12075 | D        | Noticed an Orb Guardian
 12076 | D        | Noticed a golden dragon
 12076 | D        | Noticed a red draconian
 12076 | D        | Killed an Orb Guardian
 12076 | D        | Reached skill level 27 in Spellcasting
 12076 | D        | Killed an Orb Guardian
 12076 | D        | Reached skill level 5 in Throwing
 12077 | D        | Killed an Orb Guardian
 12077 | D        | Killed an Orb Guardian
 12077 | D        | Killed an Orb Guardian
 12077 | D        | Reached skill level 10 in Throwing
 12078 | D        | Noticed a reaper
 12078 | D        | Killed an orb of fire
 12078 | D        | Reached XP level 23. HP: 185/219 MP: 38/54
 12078 | D        | Killed Ifilaosch the pandemonium lord
 12078 | D        | Killed a blizzard demon
 12080 | D        | Killed the 27-headed Lernaean hydra
 12080 | D        | Reached skill level 15 in Throwing
 12081 | D        | Noticed an Orb Guardian
 12081 | D        | Killed a golden dragon
 12082 | D        | Killed an apis
 12085 | D        | Noticed an iron dragon
 12085 | D        | Noticed an Orb Guardian
 12085 | D        | Killed an Orb Guardian
 12086 | D        | Noticed a titan
 12086 | D        | Noticed an Orb Guardian
 12087 | D        | Noticed a greater mummy
 12088 | D        | Noticed a Hell Sentinel
 12089 | D        | Noticed a ghost moth
 12090 | D        | Killed a golden dragon
 12091 | D        | Noticed a Hell Sentinel
 12092 | D        | Killed an Orb Guardian
 12092 | D        | Killed an Orb Guardian
 12092 | D        | Killed a red draconian
 12092 | D        | Killed an Orb Guardian
 12093 | D        | Killed a titan
 12094 | D        | Killed a ghost moth
 12098 | D        | Killed a reaper
 12098 | D        | Killed an Orb Guardian
 12099 | D        | Killed a Hell Sentinel
 12101 | D        | Killed a greater mummy
 12103 | D        | Noticed an Orb Guardian
 12103 | D        | Killed a Hell Sentinel
 12106 | D        | Noticed an Orb Guardian
 12107 | D        | Killed an iron dragon
 12108 | D        | Noticed a Hell Sentinel
 12134 | D        | Killed an Orb Guardian
 12139 | D        | Killed an Orb Guardian
 12605 | D        | Noticed Frederick
 12611 | D        | Killed Frederick
 12616 | D        | Noticed a greater mummy
 12619 | D        | Killed a greater mummy
 12660 | D        | Killed a Hell Sentinel
 12822 | D        | Noticed a titan
 12826 | D        | Killed a titan
 12828 | D        | Noticed an Orb Guardian
 12842 | D        | Killed an Orb Guardian
 13012 | D        | Noticed an angel
 13012 | D        | Noticed a cherub
 13012 | D        | Noticed an angel
 13012 | D        | Noticed a daeva
 13012 | D        | Noticed a daeva
 13012 | D        | Noticed a daeva
 13012 | D        | Noticed a cherub
 13012 | D        | Noticed a cherub
 13012 | D        | Noticed a cherub
 13012 | D        | Noticed a daeva
 13012 | D        | Noticed a daeva
 13012 | D        | Noticed a daeva
 13012 | D        | Noticed a daeva
 13012 | D        | Noticed an angel
 13012 | D        | Noticed a daeva
 13012 | D        | Noticed an angel
 13012 | D        | Noticed a daeva
 13012 | D        | Noticed a cherub
 13012 | D        | Noticed an angel
 13012 | D        | Noticed a daeva
 13012 | D        | Noticed an angel
 13012 | D        | Noticed an angel
 13012 | D        | Noticed an angel
 13017 | D        | Killed an angel
 13017 | D        | Killed an angel
 13017 | D        | Killed an angel
 13017 | D        | Killed an angel
 13017 | D        | Killed an angel
 13017 | D        | Killed an angel
 13017 | D        | Killed an angel
 13018 | D        | Noticed a cherub
 13018 | D        | Noticed an angel
 13018 | D        | Killed an angel
 13018 | D        | Killed a cherub
 13019 | D        | Noticed a cherub
 13019 | D        | Killed a cherub
 13019 | D        | Killed a cherub
 13019 | D        | Killed a cherub
 13019 | D        | HP: 7/219 [daeva/divine providence (14)]
 13020 | D        | Noticed a daeva
 13020 | D        | Noticed a daeva
 13020 | D        | Noticed a daeva
 13021 | D        | Killed from afar by a daeva

Vault maps used:
D:        pitsprint

Action                   |  1- 3 |  4- 6 |  7- 9 | 10-12 | 13-15 | 16-18 | 19-21 | 22-24 || total
-------------------------+-------+-------+-------+-------+-------+-------+-------+-------++-------
Melee: Flail             |    50 |    22 |    40 |       |       |       |       |       ||   112
       Dire flail        |       |       |    10 |   207 |   295 |    75 |       |       ||   587
       Great mace        |       |       |       |       |       |   121 |   274 |   110 ||   505
Invok: Slouch            |       |     1 |     5 |    12 |    38 |    27 |    16 |    21 ||   120
       Bend Time         |       |       |       |       |       |     1 |       |       ||     1
Evoke: Wand              |       |       |       |       |       |     2 |       |     1 ||     3
  Use: Scroll            |       |       |       |     3 |       |     5 |       |       ||     8
       Potion            |       |       |       |     7 |     3 |     4 |     2 |     7 ||    23
 Stab: Invisible         |       |       |       |     8 |     3 |       |       |       ||    11
       Sleeping          |       |       |       |       |       |       |     1 |     1 ||     2
  Eat: Meat ration       |       |       |       |     1 |     1 |     1 |     1 |     1 ||     5
       Chunk             |       |       |       |       |     3 |     1 |       |       ||     4
       Pizza             |       |       |       |       |     1 |       |       |       ||     1
       Bread ration      |       |       |       |       |     1 |       |       |       ||     1
       Beef jerky        |       |       |       |       |       |     1 |       |       ||     1
